AoeStats
← Ndrangheta

Golden Pit

510214918Analyzed
1v1 RM · 3d ago on Sep 30, 2026· 21m 54s· 2 players
Game mode
Random Map
Map size
Tiny (2 player)
Population
200
Speed
Normal
Resources
Standard
Victory
Conquest
Starting age
Dark Age
Ending age
Imperial Age
RankedLock teamsTeams togetherTeam positionsShared explorationLock speedFull tech treeHidden civsTurbo modeCheats
Victory
Defeat
🇨🇿 Maya · Czechia
1580
+11
🇦🇷 Wei · Argentina
1477
-11
Ndrangheta
8:18 Loom
10:46 Feudal Age
14:59 Castle Age
18:10 Double-Bit Axe
frankee
0:27 Loom
8:53 Feudal Age
9:54 Double-Bit Axe
12:59 Fletching
16:38 Padded Archer Armor
20:21 Castle Age
18:29 Arson
18:58 Scale Mail Armor
19:53 Horse Collar
21:23 Chain Mail Armor
21:14 Squires
20:57 Eagle Warrior
Connection lost

Rejoining the realm…

Still unreachable

The connection could not be restored.

Session expired

The server has moved on; the page needs a fresh start.